 Dungeon Crawl Stone Soup version 0.27.1-3-gb3d3a73c9e (webtiles) character file.

Game seed: 12286823341702069964

103 styxcanada the Sneak (level 4, 0/23 HPs)
             Began as a Spriggan Brigand on Oct 27, 2021.
             Killed by nerve-wracking pain
             ... invoked by an orc priest
              (2 damage)
             ... on level 4 of the Dungeon.
             The game lasted 00:09:02 (3103 turns).

styxcanada the Sneak (Spriggan Brigand)             Turns: 3103, Time: 00:09:03

Health: 0/23       AC:  3    Str:  7    XL:     4   Next: 51%
Magic:  5/5        EV: 17    Int: 12    God:
Gold:   24         SH:  0    Dex: 17    Spells: 2/3 levels left

rFire    . . .     SeeInvis +   a - +2 dagger
rCold    . . .     Faith    .   (shield restricted)
rNeg     . . .     Spirit   .   b - +0 robe
rPois    .         Reflect  .   (helmet restricted)
rElec    .         Harm     .   c - +0 cloak
rCorr    .         Rampage  .   (gloves unavailable)
Will     .....                  (boots unavailable)
Stlth    ++++......             (no amulet)
HPRegen  0.07/turn              (no ring)
MPRegen  0.09/turn              (no ring)

@: very quick
A: very small, no large weapons, unfitting armour, see invisible, speed 3
a: no special abilities


You were on level 4 of the Dungeon.
You visited 1 branch of the dungeon, and saw 5 of its levels.

You collected 44 gold pieces.
You spent 20 gold pieces at shops.

Inventory:

Hand Weapons
 a - a +2 dagger (weapon)
Missiles
 d - 4 poisoned darts (quivered)
 e - 9 curare-tipped darts
 i - 7 datura-tipped darts
 l - 49 stones
Armour
 b - a +0 robe (worn)
 c - a +0 cloak (worn)
Wands
 q - a wand of flame (11)
 r - a wand of acid (6)
Scrolls
 g - 4 scrolls of identify {unknown}
 j - a scroll of magic mapping {unknown}
 k - a scroll of fear {unknown}
 m - a scroll of vulnerability {unknown}
Potions
 f - a potion of attraction {unknown}
 h - a potion of heal wounds {unknown}
 n - a potion of ambrosia {unknown}
 o - a potion of degeneration {unknown}
 p - a potion of haste {unknown}


   Skills:
 * Level 1.8 Fighting
 + Level 3.0 Short Blades
 + Level 2.1 Throwing
 * Level 2.5 Dodging
 * Level 7.8 Stealth


You had 2 spell levels left.
You knew the following spells:

 Your Spells              Type           Power      Damage    Failure   Level
a - Magic Dart            Conj           0%         1d3       32%         1

Your spell library contained the following spells:

 Spells                   Type           Power      Damage    Failure   Level
 Call Imp                 Summ           0%         N/A       45%         2
 Mephitic Cloud           Conj/Pois/Air  0%         N/A       69%         3
 Tukima's Dance           Hex            0%         N/A       69%         3
 Passage of Golubria      Tloc           N/A        N/A       97%         4
 Yara's Violent Unravell  Hex/Tmut       0%         3d3       100%        5


Dungeon Overview and Level Annotations

Branches:
Dungeon (5/15)
 Temple: D:4-7

Altars:

Shops:
D:2 *


Innate Abilities, Weirdness & Mutations

You are very small and have problems with some larger weapons.
You are too small for most types of armour.
You have supernaturally acute eyesight. (SInv)
You cover ground extremely quickly. (Speed+++)


Message History

An orc comes into view. It is wielding a +0 hand axe.
The orc priest shouts!
The orc wizard shouts!
The endoplasm quivers.
Throw: 8 darts (poison)
Press: ? - help, Q - select action, (/) - cycle Shift-Dir - straight line, f - orc priest
Aim: an orc priest, wielding a +0 club (60% to hit)
You throw a poisoned dart.
The poisoned dart closely misses the orc priest.
The poisoned dart hits the orc.
The orc is poisoned.
The orc priest calls down the wrath of Beogh upon you.
Beogh smites you!
The orc priest looks satisfied for a moment.
Throw: 7 darts (poison)
Press: ? - help, Q - select action, (/) - cycle Shift-Dir - straight line, f/p - orc priest
Aim: an orc priest, wielding a +0 club (60% to hit)
You throw a poisoned dart.
The poisoned dart barely misses the orc priest.
The poisoned dart hits the orc priest.
The orc priest is poisoned.
Throw: 6 darts (poison)
Press: ? - help, Q - select action, (/) - cycle Shift-Dir - straight line, f/p - orc priest
Aim: an orc priest, wielding a +0 club (60% to hit)
You throw a poisoned dart. The poisoned dart hits the orc priest.
The orc priest is poisoned.
The orc priest looks encouraged for a moment.
There is a stone staircase leading down here.
There is a stone staircase leading down here.
Throw: 5 darts (poison)
Press: ? - help, Q - select action, (/) - cycle Shift-Dir - straight line, f/p - orc priest
Aim: an orc priest, wielding a +0 club (moderately wounded, poisoned, 60% to hit)
You throw a poisoned dart. The poisoned dart hits the orc priest.
The orc priest looks even sicker.
The orc priest is moderately wounded.
The orc priest invokes the aid of Beogh against you.
Beogh smites you!
Ouch! That really hurt!
* * * LOW HITPOINT WARNING * * *
The orc priest mumbles some strange prayers to Beogh against you.
Pain shoots through your body!
You die...

......#.oo(..J#
###...o..##.#o#
######.##.#(#
#.##.#o#
#.##.#.#
#.##.#>#
#.##.#>#
#....#.# ..#@#
#.#.# #.#.#
#.#.# .. #.#.#
#. ##.#.# #.
#....# #.
#..### #. #.†#


You could see 2 orc priests.

Vanquished Creatures
  Ijyb (D:3)
  2 adders
  2 worms
  A dart slug (D:1)
  3 orcs (D:3)
  7 bats
  2 endoplasms (D:1)
  A giant cockroach (D:1)
  8 hobgoblins
  4 jackals (D:1)
  3 quokkas
  3 ball pythons
  7 frilled lizards
  2 kobolds
  4 rats
50 creatures vanquished.

Notes
Turn   | Place    | Note
-------+----------+-------------------------------------------
     0 | D:1      | styxcanada the Spriggan Brigand began the quest for the
                  | Orb.
     0 | D:1      | Reached XP level 1. HP: 10/10 MP: 2/2
    50 | D:1      | Reached skill level 6 in Stealth
    64 | D:1      | Found a faded altar of an unknown god.
   405 | D:1      | Reached XP level 2. HP: 14/14 MP: 3/3
  1389 | D:2      | Reached skill level 7 in Stealth
  1407 | D:2      | Reached XP level 3. HP: 18/18 MP: 4/4
  2066 | D:2      | Found Luidom's Assorted Antiques.
  2074 | D:2      | Bought a scroll labelled OXZINU POHOWN for 20 gold pieces
  2700 | D:3      | Noticed Ijyb
  2703 | D:3      | Killed Ijyb
  2704 | D:3      | Reached XP level 4. HP: 23/23 MP: 5/5
  2804 | D:3      | Learned a level 1 spell: Magic Dart
  2831 | D:3      | You fall into a shaft and drop 2 floors!
  2831 | D:5      | Entered Level 5 of the Dungeon
  2834 | D:5      | Noticed an ogre
  3103 | D:4      | Killed from afar by an orc priest

Illustrated notes

Levels and vault maps discovered:
D:1:      tarquinn_simple_flora_water_f, layout_loops_corners,
          ebering_ecumenical_altar_webs
D:2:      layout_basic, serial_shops, shop_statue
D:3:      layout_basic, nrook_mini_backslash, uniq_ijyb
D:4:      layout_loops_ring, grunt_temple_overflow_order_and_chaos_2,
          kennysheep_small_square
D:5:      layout_cave_pools, mainiacjoe_overflow_paths,
          minmay_temple_entry_mini_moons, dk_noncrumbling_4, uniq_duvessa

Skill      XL: |  1  2  3  4 |
---------------+-------------+-----
Stealth        | 6 7 |  7.8
Dodging        | 2 |  2.5
Short Blades   | 3 |  3.0
Fighting       | |  1.8
Throwing       | |  2.1

Action                   |  1- 3 |  4- 6 || total
-------------------------+-------+-------++-------
Melee: Dagger            |   128 |    22 ||   150
Throw: Dart              |     6 |    17 ||    23
 Stab: Sleeping          |    19 |     2 ||    21
       Distracted        |     1 |       ||     1
Armor: Robe              |    24 |     2 ||    26
Dodge: Dodged            |    90 |    12 ||   102
